 Dungeon Crawl Stone Soup version 0.18.1-5-g4a78601 (webtiles) character file.

59517 Helmschank the Devastator (level 14, -8/78 HPs)
             Began as a Deep Elf Wizard on May 13, 2016.
             Was a High Priest of Vehumet.
             Killed by an exploding ball lightning (18 damage)
             ... created by the player character
             ... on level 8 of the Lair of Beasts on May 14, 2016.
             The game lasted 03:23:17 (30563 turns).

Helmschank the Devastator (Deep Elf Wizard)        Turns: 30563, Time: 03:23:18

Health: -8/78      AC: 13    Str:  4    XL:     14   Next: 53%
Magic:  39/44      EV: 19    Int: 29    God:    Vehumet [*****.]
Gold:   1444       SH:  6    Dex: 13    Spells: 13 memorised, 1 level left

rFire  + . .     SeeInvis .     a - +3 mace (protect)
rCold  + . .     Gourm    +     E - +2 robe {Archmagi}
rNeg   . . .     Faith    .     C - +1 buckler {rF+}
rPois  .         Spirit   .     G - +1 hat
rElec  .         Dismiss  .     J - +2 cloak {rC+}
rCorr  .         Reflect  .     (no gloves)
SustAt .         Harm     .     (no boots)
MR     +....                    B - amulet of the gourmand
Stlth  +++.......               U - ring of magical power
                                b - ring of stealth

@: repel missiles, somewhat resistant to hostile enchantments, fairly stealthy
A: no striking features
a: Renounce Religion


You were on level 8 of the Lair of Beasts.
You worshipped Vehumet.
Vehumet was extremely pleased with you.
You were very full.

You visited 3 branches of the dungeon, and saw 20 of its levels.
You also visited: Ossuary, Ice Cave and Volcano.

You collected 1474 gold pieces.
You spent 30 gold pieces at shops.

Inventory:

Hand Weapons
 a - a +3 mace of protection (weapon)
 A - a +0 blowgun
Missiles
 e - a tomahawk of returning (quivered)
 i - 108 poisoned needles
 R - 333 stones
Armour
 C - a +1 buckler of fire resistance (worn)
 E - a +2 robe of the Archmagi (worn)
 G - a +1 hat (worn)
 J - a +2 cloak of cold resistance (worn)
Jewellery
 b - a ring of stealth (left hand)
 h - a cursed ring of magical power
 p - an uncursed amulet of regeneration
 y - an uncursed ring of ice
 B - an amulet of the gourmand (around neck)
 S - a +3 amulet of reflection
 T - an uncursed ring of protection from magic
 U - a ring of magical power (right hand)
Wands
 K - a wand of iceblast (8/15)
 L - a wand of iceblast (8/15)
 V - a wand of teleportation (4/9)
 Z - a wand of lightning (2/15)
Scrolls
 j - a scroll of fog
 m - 2 scrolls of fear
 t - 9 scrolls of teleportation
 x - 4 scrolls of magic mapping
 z - a scroll of blinking
 H - 2 scrolls of recharging
 Y - 3 scrolls of remove curse
Potions
 f - 6 potions of heal wounds
 k - 7 potions of curing
 s - 5 potions of might
 F - a potion of agility
 I - 4 potions of invisibility
 M - a potion of magic
 Q - 6 potions of resistance
 X - a potion of brilliance
Comestibles
 c - a beef jerky
 d - 7 bread rations
 g - 2 slices of pizza
 l - 9 fruits
 v - 3 meat rations


   Skills:
 - Level 5.0 Fighting
 + Level 12.2 Dodging
 - Level 2.4 Stealth
 - Level 6.2 Shields
 + Level 15.0 Spellcasting
 * Level 17.2 Conjurations
 - Level 1.1 Summonings
 - Level 1.1 Translocations
 - Level 3.7 Fire Magic
 - Level 3.0 Air Magic
 - Level 6.1 Earth Magic
 - Level 3.4 Poison Magic


You had one spell level left.
You knew the following spells:

 Your Spells              Type           Power        Failure   Level  Hunger
a - Flame Tongue          Conj/Fire      #####        1%          1    None
b - Blink                 Tloc           N/A          2%          2    None
c - Mephitic Cloud        Conj/Pois/Air  #######.     1%          3    None
d - Iskenderun's Mystic   Conj           ########     1%          4    None
e - Fulminant Prism       Conj/Hex       #######...   1%          4    None
f - Orb of Destruction    Conj           ########..   1%          7    #####..
g - Lee's Rapid Deconstr  Erth           ######....   2%          5    None
h - Conjure Flame         Conj/Fire      #######.     1%          3    None
q - Call Imp              Summ           #####...     2%          2    None
s - Throw Flame           Conj/Fire      ######       1%          2    None
v - Conjure Ball Lightni  Conj/Air       #######...   2%          6    ###....
z - Magic Dart            Conj           ####         0%          1    None
Q - Repel Missiles        Chrm/Air       #####.       1%          2    None


Dungeon Overview and Level Annotations

Branches:
Dungeon (11/15)            Temple (1/1) D:6            Lair (8/8) D:11
  Swamp (0/4) Lair:6       Spider (0/4) Lair:4
  Slime: Lair:6-8       Orc: D:9-12

Altars:
Dithmenos
Fedhas
Kikubaaqudgha
Okawaru
Pakellas
Vehumet
Beogh

Shops:
D:5 ?

Annotations:
D:4 Grinder


Message History

The bush is lightly damaged.
The blast of lightning engulfs the bush.
The bush is moderately damaged.
The blast of lightning engulfs the bush.
The bush is moderately damaged.
The blast of lightning engulfs your ball lightning.
Your ball lightning completely resists.
The blast of lightning engulfs the bush.
The bush is heavily damaged.
The blast of lightning engulfs the bush.
The bush is lightly damaged.
The blast of lightning engulfs the bush.
The bush is moderately damaged.
You hear a loud, deep croak! x2; You hear a croak.
You hear a loud, deep croak!
You take 69 damage, and have 9/78 hp.
MASSIVE DAMAGE!!
Your ball lightning explodes!
The blast of lightning engulfs the crocodile.
The crocodile is almost dead.
The blast of lightning engulfs you!
You die...

#...........P..PPPP...........
##............PPPP............
##.............PPP.............
#P..............PPP............
..............P.PPPP...........
#.........PPP.#..........P
#.#..........P###.###......
.##.P.t.....!.....####......
PPP.PP.......@................
PP..P.........................
#.P..######.....#...###PP...#.
###.# #..#.#..#### P.P.P#.. ##
######### ##.#P#### #####


You could see a crocodile.

Vanquished Creatures
  Snorg (Lair:5)
  Josephine (Lair:5)
  Erolcha (D:8)
  3 hydras
  6 death yaks (Lair:8)
  3 deep trolls (D:11)
  A necromancer (IceCv)
  A griffon (Lair:8)
  A hill giant (D:10)
  2 oklob plants
  An ugly thing (D:11)
  11 elephants
  Psyche (D:11)
  17 spiny frogs
  A black mamba (Lair:4)
  An ice statue (IceCv)
  2 kobold demonologists (D:11)
  2 rime drakes
  6 komodo dragons
  10 freezing wraiths (IceCv)
  7 trolls
  A wolf spider simulacrum (IceCv)
  Prince Ribbit (D:8)
  2 polar bears
  A two-headed ogre (D:11)
  A boulder beetle (Lair:7)
  18 blink frogs
  2 flying skulls (Volcano)
  Sigmund (D:7)
  A wyvern (Lair:8)
  5 wraiths (Lair:5)
  49 yaks
  A water elemental (D:11)
  Grum (D:9)
  2 steam dragons (D:10)
  3 vampires (Volcano)
  6 hippogriffs
  A human (D:9)
  A hungry ghost (D:8)
  8 basilisks
  A death yak simulacrum (IceCv)
  2 insubstantial wisps (D:10)
  6 swamp worms (Lair:6)
  10 porcupines
  11 ice beasts
  13 water moccasins
  7 orc warriors
  6 sky beasts
  An eye of draining (D:10)
  4 ogres
  An alligator simulacrum (IceCv)
  7 wolves
  16 crocodiles
  15 centaurs
  Blork the orc (D:6)
  2 big kobolds
  15 giant frogs
  A wyvern zombie (D:9)
  2 water moccasin zombies (Ossuary)
  4 scorpions
  13 killer bees
  6 howler monkeys
  9 wights
  6 electric eels
  4 jellies
  A centaur zombie (D:3)
  5 crimson imps
  4 giant frog zombies
  2 draconian simulacra (IceCv)
  3 hounds
  3 giant frog skeletons
  8 orc priests
  16 orc wizards
  11 iguanas
  Jessica (D:3)
  2 spriggan simulacra (IceCv)
  6 troll simulacra (IceCv)
  8 hell rats (Lair:3)
  5 worker ants
  14 sheep
  A wolf simulacrum (IceCv)
  3 big kobold zombies (Ossuary)
  4 centaur simulacra (IceCv)
  A hound zombie (D:5)
  A hound skeleton (D:8)
  3 mummies
  A howler monkey zombie (D:9)
  3 gnolls (D:7)
  3 ogre simulacra (IceCv)
  13 adders
  3 naga simulacra (IceCv)
  90 river rats
  5 shadow imps
  24 white imps
  An ooze (D:3)
  4 adder zombies
  3 adder skeletons
  4 worms
  A dart slug (D:1)
  5 giant geckos
  64 orcs
  6 giant cockroaches
  2 gnoll zombies (Ossuary)
  4 goblins
  8 hobgoblins
  4 jackals
  20 kobolds
  7 quokkas
  A ball python (D:4)
  7 bats
  3 giant newts (D:2)
  A goblin zombie (D:8)
  5 hobgoblin zombies (Ossuary)
  3 kobold zombies (Ossuary)
  4 orc zombies (Ossuary)
  A quokka skeleton (D:4)
  A quokka zombie (D:5)
  25 rats
  A rat zombie (D:8)
  27 fungi
  15 plants
818 creatures vanquished.

Vanquished Creatures (collateral kills)
  A killer bee (D:11)
1 creature vanquished.

Vanquished Creatures (others)
  3 ball lightnings (Lair:8)
  A yak (Lair:7)
  A killer bee (D:11)
  A bush (D:11)
  267 fulminant prisms
  24 fungi
  19 plants
  8 toadstools (Lair:6)
324 creatures vanquished.

Grand Total: 1143 creatures vanquished

Notes
Turn   | Place    | Note
--------------------------------------------------------------
     0 | D:1      | Helmschank the Deep Elf Wizard began the quest for the Orb.
     0 | D:1      | Reached XP level 1. HP: 10/10 MP: 7/7
   403 | D:1      | Reached XP level 2. HP: 7/15 MP: 4/9
   859 | D:1      | Reached skill level 2 in Conjurations
  1045 | D:1      | Reached skill level 5 in Spellcasting
  1045 | D:1      | Reached XP level 3. HP: 12/19 MP: 2/11
  1285 | D:2      | Learned a level 3 spell: Mephitic Cloud
  1289 | D:2      | Learned a level 3 spell: Conjure Flame
  1292 | D:2      | Learned a level 2 spell: Blink
  1295 | D:2      | Learned a level 2 spell: Repel Missiles
  1542 | D:2      | Reached skill level 1 in Poison Magic
  2216 | D:3      | Reached XP level 4. HP: 24/24 MP: 11/13
  2304 | D:3      | Reached skill level 1 in Fire Magic
  2372 | D:3      | Noticed Jessica
  2377 | D:3      | Killed Jessica
  2766 | D:3      | Learned a level 2 spell: Call Imp
  2913 | D:3      | Reached XP level 5. HP: 28/28 MP: 5/14
  2966 | D:3      | Found an ancient bone altar of Kikubaaqudgha.
  2966 | D:3      | Found a radiant altar of Vehumet.
  2975 | D:3      | Became a worshipper of Vehumet
  3390 | D:4      | Noticed an ogre
  3474 | D:4      | Killed an ogre
  3474 | D:4      | Reached XP level 6. HP: 32/32 MP: 2/15
  3910 | D:3      | Reached skill level 3 in Conjurations
  3910 | D:3      | Reached skill level 1 in Air Magic
  4270 | D:4      | Reached skill level 4 in Conjurations
  4270 | D:4      | Reached XP level 7. HP: 36/36 MP: 2/16
  4404 | D:4      | Reached skill level 5 in Dodging
  4743 | D:4      | Noticed Grinder
  5301 | D:5      | Entered Level 5 of the Dungeon
  5483 | D:5      | Reached skill level 1 in Fighting
  5483 | D:5      | Reached skill level 5 in Conjurations
  6307 | D:5      | Found Zith's Magic Scroll Boutique.
  6312 | D:5      | Bought a scroll of remove curse for 30 gold pieces
  6864 | D:6      | Found a staircase to the Ecumenical Temple.
  6873 | Temple   | Entered the Ecumenical Temple
  7015 | D:6      | Noticed Sigmund
  7191 | D:6      | Reached XP level 8. HP: 44/44 MP: 12/17
  7277 | D:6      | Reached * piety under Vehumet
  7277 | D:6      | Offered knowledge of Flame Tongue by Vehumet.
  7277 | D:6      | Reached skill level 6 in Conjurations
  7280 | D:6      | Learned a level 1 spell: Flame Tongue
  7386 | D:6      | Found an iron altar of Okawaru.
  7553 | D:6      | Noticed Blork the orc
  7599 | D:6      | Killed Blork the orc
  8946 | D:7      | Reached skill level 7 in Conjurations
  9047 | D:7      | Found a shadowy altar of Dithmenos.
  9047 | D:7      | Found an oddly glowing altar of Pakellas.
  9579 | D:7      | Killed Sigmund
  9579 | D:7      | Reached skill level 8 in Conjurations
  9579 | D:7      | Reached XP level 9. HP: 49/49 MP: 11/21
  9793 | D:7      | Offered knowledge of Throw Flame by Vehumet.
  9856 | D:7      | Learned a level 2 spell: Throw Flame
  9876 | D:7      | Reached ** piety under Vehumet
 10652 | D:7      | Got an ivory trident {elec}
 10653 | D:7      | Identified the cursed +1 trident of the Messenger {elec, Dex+2} (You took it off a gnoll on level 7 of the Dungeon)
 10895 | D:8      | Found a sand-covered staircase.
 10923 | Ossuary  | Entered an ossuary
 10964 | Ossuary  | Reached skill level 9 in Conjurations
 11002 | Ossuary  | Offered knowledge of Static Discharge by Vehumet.
 11488 | Ossuary  | Reached *** piety under Vehumet
 11781 | D:8      | Noticed Prince Ribbit
 11822 | D:8      | Killed Prince Ribbit
 12063 | D:8      | Noticed Erolcha
 12078 | D:8      | Killed Erolcha
 12078 | D:8      | Reached skill level 10 in Conjurations
 12078 | D:8      | Reached XP level 10. HP: 54/54 MP: 12/24
 12723 | D:8      | Offered knowledge of Ignite Poison by Vehumet.
 13552 | D:9      | Found a roughly hewn altar of Beogh.
 13567 | D:9      | Reached **** piety under Vehumet
 13573 | D:9      | Offered knowledge of Iskenderun's Mystic Blast by Vehumet.
 13731 | D:9      | Reached skill level 11 in Conjurations
 13937 | D:9      | Learned a level 4 spell: Iskenderun's Mystic Blast
 14197 | D:9      | Noticed Grum
 14200 | D:9      | Killed Grum
 14201 | D:9      | Reached skill level 10 in Spellcasting
 14833 | D:10     | Entered Level 10 of the Dungeon
 14938 | D:10     | Reached skill level 12 in Conjurations
 15187 | D:10     | Noticed a hill giant
 15209 | D:10     | Killed a hill giant
 15209 | D:10     | Reached XP level 11. HP: 60/60 MP: 11/27
 15731 | D:10     | Identified the Catalogue of Dislocation and the Blaze
 16862 | D:11     | Noticed a cyan ugly thing
 16882 | D:11     | Killed a cyan ugly thing
 17266 | D:11     | Reached ***** piety under Vehumet
 17333 | D:11     | Found a runed door.
 17337 | D:11     | Found a runed door.
 17493 | D:11     | Offered knowledge of Fulminant Prism by Vehumet.
 17501 | D:11     | Noticed a four-headed hydra
 17506 | D:11     | Killed a four-headed hydra
 17506 | D:11     | Reached skill level 13 in Conjurations
 18126 | D:11     | Reached skill level 5 in Fighting
 18509 | D:11     | Found a staircase to the Lair.
 18539 | D:11     | Noticed an eight-headed hydra
 18543 | D:11     | Killed an eight-headed hydra
 18543 | D:11     | Reached skill level 14 in Conjurations
 18543 | D:11     | Reached XP level 12. HP: 68/68 MP: 13/30
 18857 | D:11     | Noticed Psyche
 18864 | D:11     | Killed Psyche
 18998 | D:11     | Learned a level 4 spell: Fulminant Prism
 19258 | D:11     | Reached skill level 10 in Dodging
 19402 | Lair:1   | Entered Level 1 of the Lair of Beasts
 19615 | Lair:1   | Offered knowledge of Orb of Destruction by Vehumet.
 20020 | Lair:1   | Found a dark tunnel.
 20029 | Volcano  | Entered a volcano
 20649 | Lair:1   | Learned a level 7 spell: Orb of Destruction
 20883 | Lair:1   | Reached skill level 1 in Shields
 21025 | Lair:2   | Reached skill level 15 in Conjurations
 22864 | Lair:3   | Offered knowledge of Bolt of Draining by Vehumet.
 22870 | Lair:3   | Reached XP level 13. HP: 72/72 MP: 20/32
 23119 | Lair:4   | Found a hole to the Spider Nest.
 24180 | Lair:5   | Noticed Snorg
 24185 | Lair:5   | Killed Snorg
 24452 | Lair:5   | Noticed Josephine
 24460 | Lair:5   | Reached skill level 5 in Shields
 24460 | Lair:5   | Killed Josephine
 24951 | Lair:5   | Reached skill level 16 in Conjurations
 25515 | Lair:6   | Offered knowledge of Lee's Rapid Deconstruction by Vehumet.
 25523 | Lair:6   | Learned a level 5 spell: Lee's Rapid Deconstruction
 25629 | Lair:6   | Reached skill level 1 in Earth Magic
 25841 | Lair:6   | Found a staircase to the Swamp.
 26626 | Lair:6   | Found a blossoming altar of Fedhas.
 27214 | Lair:7   | Found a frozen archway.
 27225 | Lair:7   | Reached skill level 5 in Earth Magic
 27321 | IceCv    | Entered an ice cave
 27362 | IceCv    | Offered knowledge of Delayed Fireball by Vehumet.
 27941 | IceCv    | Reached XP level 14. HP: 45/78 MP: 29/34
 28429 | IceCv    | Found an ancient bone altar of Kikubaaqudgha.
 29854 | Lair:8   | Entered Level 8 of the Lair of Beasts
 29921 | Lair:8   | Reached skill level 17 in Conjurations
 30313 | Lair:8   | Reached skill level 15 in Spellcasting
 30356 | Lair:8   | Offered knowledge of Conjure Ball Lightning by Vehumet.
 30436 | Lair:8   | Learned a level 6 spell: Conjure Ball Lightning
 30563 | Lair:8   | Killed by an exploding ball lightning

Skill      XL: |  1  2  3  4  5  6  7  8  9 10 11 12 13 14 |
---------------+-------------------------------------------+-----
Conjurations   | 2 4 5 8 10 12 14 15 16 17 | 17.2
Spellcasting   | 5 6 8 10 12 13 14 15 | 15.0
Poison Magic   | 1 2 3 |  3.4
Dodging        | 3 4 5 6 7 9 10 11 12 | 12.2
Fire Magic     | 2 3 |  3.7
Air Magic      | 1 3 |  3.0
Fighting       | 1 2 3 5 |  5.0
Shields        | 3 6 |  6.2
Earth Magic    | 6 |  6.1
Stealth        | |  2.4
Summonings     | |  1.1
Translocations | |  1.1

Action                   |  1- 3 |  4- 6 |  7- 9 | 10-12 | 13-15 || total
-------------------------+-------+-------+-------+-------+-------++-------
Melee: Mace              |    14 |    24 |    49 |    13 |    70 ||   170
       Quarterstaff      |       |       |    31 |    43 |       ||    74
Throw: Stone             |    15 |    12 |    15 |    14 |    26 ||    82
       Tomahawk          |       |     4 |    12 |     8 |    17 ||    41
 Cast: Magic Dart        |    93 |   114 |   180 |    82 |    27 ||   496
       Conjure Flame     |     1 |     5 |    27 |    11 |       ||    44
       Repel Missiles    |     1 |       |     2 |     1 |     2 ||     6
       Mephitic Cloud    |       |    10 |    37 |    66 |     1 ||   114
       Blink             |       |     5 |     5 |    15 |    17 ||    42
       Flame Tongue      |       |       |   138 |   399 |     7 ||   544
       Throw Flame       |       |       |     5 |     5 |       ||    10
       Iskenderun's Myst |       |       |       |   124 |    28 ||   152
       Fulminant Prism   |       |       |       |    56 |   211 ||   267
       Orb of Destructio |       |       |       |     3 |     7 ||    10
       Conjure Ball Ligh |       |       |       |       |     2 ||     2
Evoke: Wand              |       |       |       |     4 |       ||     4
  Use: Scroll            |       |       |    24 |     5 |     7 ||    36
       Potion            |       |       |       |     1 |     2 ||     3
 Stab: Sleeping          |     1 |     1 |     1 |       |       ||     3
       Confused          |       |       |     3 |     2 |       ||     5
       Distracted        |       |       |     1 |       |       ||     1
  Eat: Chunk             |     4 |     6 |    29 |    39 |    26 ||   104
       Royal jelly       |       |       |     1 |       |       ||     1
       Pizza             |       |       |     1 |       |       ||     1
       Beef jerky        |       |       |     1 |       |       ||     1
Armor: Robe              |     9 |    13 |    31 |    39 |    23 ||   115
Dodge: Dodged            |    24 |    24 |    70 |   118 |   121 ||   357
       Deflected         |       |       |     4 |     7 |     1 ||    12
Block: Buckler           |       |       |       |     5 |    38 ||    43
